 Dungeon Crawl Stone Soup version 0.30.0 (webtiles) character file.

Game seed: 13502339076948719071

379511 Mode7 the Slayer (level 21, -5/223 HPs)
             Began as a Minotaur Berserker on Nov 24, 2023.
             Was a High Priest of Trog.
             Slain by a rockslime (33 damage)
             ... created by the Royal Jelly
             ... on level 5 of the Pits of Slime on Nov 26, 2023.
             The game lasted 06:28:09 (51853 turns).

Mode7 the Slayer (Minotaur Berserker)              Turns: 51853, Time: 06:28:10

Health: -5/223     AC: 35    Str: 35    XL:     21   Next: 87%
Magic:  6/6        EV: 14    Int:  0    God:    Trog [*****.]
Gold:   1255       SH: 27    Dex: 22    Spells: 20/20 levels left

rFire   . . .        t - +6 broad axe (antimagic)
rCold   . . .        y - +5 Storm Queen's Shield {shock, Fly rElec}
rNeg    . . .        e - +11 crystal plate armour
rPois   +            (helmet restricted)
rElec   +            H - +2 cloak
rCorr   +            J - +2 pair of gloves {Stlth+}
SInv    +            (no boots)
Will    +....        F - amulet "Ontaugh" {Reflect Rampage rCorr SH+5} Stlth
                     B - ring of the Establishment {rCorr Str+4 Dex+4}
HPRegen 0.57/turn    p - ring "Doeluiq" {+Blink rPois Int-2 Dex+6 SInv}
MPRegen 0.10/turn

%: reflection, rampage
@: corroded, on berserk cooldown, flying, hasted and slowed, lost intelligence,
unable to read
A: horns 2, retaliatory headbutt, claws 1, dopey 1, sense surroundings 1,
devolution 1
}: 2/15 runes: serpentine, barnacled
a: Renounce Religion, Evoke Blink, Berserk, Trog's Hand, Brothers in Arms


You were on level 5 of the Pits of Slime.
You worshipped Trog.
Trog was extremely pleased with you.
You visited 8 branches of the dungeon, and saw 40 of its levels.
You also visited: Bailey.

You collected 4351 gold pieces.
You spent 3096 gold pieces at shops.

Inventory:

Hand Weapons
 d - a +3 spectral war axe
 h - a +6 antimagic hand axe
 t - a +6 antimagic broad axe (weapon)
 V - a +2 dire flail of protection
Missiles
 R - 12 javelins
 U - 5 throwing nets
Armour
 e - a +11 crystal plate armour (worn)
 y - the +5 Storm Queen's Shield (worn) {shock, Fly rElec}
   (You found it on level 15 of the Dungeon)

   Shock:     When it blocks an attack, it may electrocute the attacker.
   This works even against foes who are a short distance away.
   rElec:     It insulates you from electricity.
   Fly:       It grants you flight.
 H - a +2 cloak (worn)
 J - a +2 pair of gloves of stealth (worn)
Jewellery
 c - a ring of protection from fire
 f - the ring "Dukiv" {Fly Int-2 Dex+6 Stlth+}
   (You took it off a hell knight on level 3 of the Depths)

   [ring of dexterity]

   Int:       It affects your intelligence (-2).
   Dex:       It affects your dexterity (+6).
   Fly:       It grants you flight.
   Stlth:     It makes you more stealthy.
 p - the ring "Doeluiq" (right hand) {+Blink rPois Int-2 Dex+6 SInv}
   (You acquired it on level 3 of the Lair of Beasts)

   [ring of dexterity]

   Int:       It affects your intelligence (-2).
   Dex:       It affects your dexterity (+6).
   rPois:     It protects you from poison.
   SInv:      It lets you see invisible.
   +Blink:    It lets you blink.
 B - the ring of the Establishment (left hand) {rCorr Str+4 Dex+4}
   (You took it off a centaur warrior on level 14 of the Dungeon)

   [ring of resist corrosion]

   Str:       It affects your strength (+4).
   Dex:       It affects your dexterity (+4).
   rCorr:     It protects you from acid and corrosion.
 F - the amulet "Ontaugh" (around neck) {Reflect Rampage rCorr SH+5}
   (You bought it in a shop on level 3 of the Snake Pit)

   [amulet of reflection]

   It reflects blocked missile attacks.
   rCorr:     It protects you from acid and corrosion.
   SH:        It affects your SH (+5).
   Rampage:   It bestows one free step when moving towards enemies.
Wands
 a - a wand of flame (47)
 x - a wand of light (23)
 A - a wand of iceblast (16)
 E - a wand of polymorph (15)
 G - a wand of digging (24)
 K - a wand of charming (41)
 W - a wand of mindburst (24)
Scrolls
 b - 5 scrolls of fog
 i - 2 scrolls of silence
 k - 3 scrolls of butterflies
 l - 6 scrolls of blinking
 m - 2 scrolls of poison
 u - 6 scrolls of magic mapping
 w - 12 scrolls of teleportation
 L - 4 scrolls of fear
 M - a scroll of brand weapon
 Q - 20 scrolls of identify
Potions
 g - 4 potions of magic
 j - 13 potions of curing
 n - 2 potions of invisibility
 o - 4 potions of flight
 r - 3 potions of berserk rage
 s - 3 potions of resistance
 v - 9 potions of attraction
 z - 8 potions of might
 D - a potion of heal wounds
 I - 4 potions of haste (quivered)
 O - a potion of cancellation
 T - 3 potions of mutation
Miscellaneous
 q - a phial of floods
 C - a lightning rod (4/4)
 N - a phantom mirror
 P - a condenser vane
 X - a box of beasts


   Skills:
 + Level 26.8 Fighting
 - Level 23.0 Axes
 - Level 7.3 Throwing
 + Level 22.7 Armour
 - Level 10.4 Dodging
 + Level 21.3 Shields


You had 20 spell levels left.
You didn't know any spells.
Your spell library was empty.

Dungeon Overview and Level Annotations

Branches:
Dungeon (15/15)            Temple (1/1) D:5            Lair (5/5) D:11
 Shoals (4/4) Lair:2        Snake (4/4) Lair:2        Slime (5/5) Lair:5
    Orc (2/2) D:11            Elf (0/3) Orc:2        Vaults (0/5) D:14
 Depths (4/4) D:15            Zot (0/5) Depths:4     Bailey (visited)

Altars:
Ashenzari
Cheibriados
Dithmenos
Elyvilon
Fedhas
Gozag
Hepliaklqana
Kikubaaqudgha
Makhleb
Nemelex Xobeh
Okawaru
Qazlal
Ru
Sif Muna
Trog
Uskayaw
Vehumet
Wu Jian
Xom
Yredelemnul
Zin
The Shining One
Jiyva

Shops:
D:6 ***   D:8 *   D:10 :=   Orc:2 ??[[?   Shoals:3 [   Snake:3 (!(*=
Depths:1 =*:   Depths:2 !*(?   Depths:4 ?

Portals:
Hell: Depths:1 Depths:2 Depths:3 Depths:4
Abyss: Depths:3
Pandemonium: Depths:2
Ziggurat: Depths:3
Trove: D:13 (give 3 potions of resistance)

Annotations:
D:7 2 runed translucent doors
D:15 2 transporters, Yakesh's ghost, journeyman MiFi
Shoals:2 3 runed translucent doors, LeafLetters's ghost, adept VSIE
Slime:5 Royal Jelly
Depths:1 1 runed translucent door, exclusion: orange crystal statue
Depths:2 1 runed translucent door


Innate Abilities, Weirdness & Mutations

You have a pair of horns on your head.
You reflexively headbutt those who attack you in melee.
You have sharp fingernails.
You are dopey. (Int -2)
You passively map a small area around you.
You have hidden genetic defects.


Message History

The rockslime hits you!
You are shoved backwards!
You feel yourself speed up. The rockslime hits you!!
* * * LOW HITPOINT WARNING * * *
You hold your ground!
The rockslime hits you!
* * * LOW HITPOINT WARNING * * *
You are shoved backwards!
The rockslime attacks as you move away! You block the rockslime's attack.
The acid blob quivers.
The rockslime attacks as you move away! You block the rockslime's attack.
You rampage towards the acid blob!
You chop the acid blob into pieces!!!
Your hands burn!
* * * LOW HITPOINT WARNING * * *
The acid blob is severely wounded.
The acid blob spits acid at you.
You block splash of acid... and reflect it back!
The splash of acid hits the acid blob.
The acid blob completely resists.
The acid blob attacks as you move away! You block the acid blob's attack.
The acid blob spits acid at you.
The splash of acid hits you but does no damage.
The acid corrodes you!
The rockslime hits you but does no damage.
The acid blob hits you!
* * * LOW HITPOINT WARNING * * *
You are splashed with acid.
You resist.
* * * LOW HITPOINT WARNING * * *
The azure jelly attacks as you move away!
You block the azure jelly's attack. The azure jelly closely misses you.
You block the azure jelly's attack.
The azure jelly hits you but does no damage.
You block the acid blob's attack.
Your shield discharges, shocking the acid blob!
The rockslime attacks as you move away! You block the rockslime's attack.
The rockslime attacks as you move away! You block the rockslime's attack.
Your shield discharges, shocking the rockslime!
The rockslime resists.
The acid blob attacks as you move away! You block the acid blob's attack.
The rockslime attacks as you move away! You block the rockslime's attack.
The rockslime hits you!!
You die...

#.............................
##.............................
#..............................
.................................
.................................
.................................
............)....................
G................................
................@................
...............JJ...............
, ............JJ................
, ..............................
............J................
...........J................
........J............... , ,
........................
....####.#####..........


You could see an acid blob, 4 azure jellies, a rockslime and a quicksilver ooze.

Vanquished Creatures
  A dread lich (Depths:2)
  Mara (Depths:2)
  2 juggernauts (Depths:3)
  Vashnia (Snake:4)
  4 golden dragons
  Jory (Depths:3)
  2 bone dragons (Depths:4)
  2 tentacled monstrosities
  2 liches (Depths:2)
  Asterion (Depths:2)
  2 walking frostbound tomes
  A quicksilver dragon (Depths:3)
  18 acid blobs
  Polyphemus (Shoals:2)
  4 sphinxes
  Kirke (Lair:3)
  A kraken (Shoals:1)
  4 tengu reavers (Depths:3)
  4 storm dragons
  7 nagarajas
  7 shadow dragons
  10 azure jellies
  3 rockslimes
  2 fire giants
  A draconian knight (Depths:4)
  An iron dragon (Depths:3)
  9 frost giants
  A frost giant (shapeshifter) (Depths:3)
  A draconian scorcher (Depths:4)
  Aizul (Snake:1)
  A ghost moth (shapeshifter) (Depths:4)
  19 very ugly things
  10 quicksilver oozes
  5 spriggan defenders
  7 vampire knights
  9 stone giants
  Nessos (Lair:5)
  Azrael (D:15)
  A green draconian (Depths:4)
  2 minotaurs (Shoals:4)
  2 black draconians (Depths:4)
  3 spark wasps
  A yellow draconian (Depths:4)
  Snorg (D:10)
  13 ettins
  11 fire dragons
  2 deep elf death magi (Depths:2)
  2 merfolk impalers
  2 great orbs of eyes
  Josephine (D:14)
  Fannar (D:10)
  A spriggan air mage (Depths:3)
  7 ice dragons
  A vault guard (D:13)
  17 anacondas
  The ghost of Endbringerleviathan the Arsonist, a journeyman NaFE of Gozag (Lair:1)
  8 hydras
  4 salamander tyrants
  Erolcha (D:10)
  A rakshasa (Depths:3)
  A merfolk aquamancer (Shoals:3)
  4 centaur warriors
  6 catoblepae
  3 ogre magi
  16 satyrs (Shoals:4)
  8 boulder beetles
  5 merfolk avatars
  13 two-headed ogres
  4 death knights
  A spectral fire giant (Depths:2)
  4 deep troll shamans
  11 death yaks
  17 naga sharpshooters
  18 naga warriors
  10 tengu warriors
  4 vampire magi
  8 deep troll earth magi
  7 shock serpents
  6 spriggan berserkers
  16 hell knights
  3 soul eaters
  Urug (Lair:3)
  An iron troll (Depths:4)
  A spriggan (Depths:2)
  7 skysharks
  Nergalle (Lair:3)
  A shadow wraith (Depths:2)
  Amaemon (Lair:3)
  7 salamander mystics
  A spark wasp zombie (Depths:2)
  A death drake (shapeshifter) (D:15)
  7 skeletal warriors
  8 sea snakes
  10 deep trolls
  2 flayed ghosts
  A tengu zombie (Depths:2)
  4 naga ritualists
  2 glowing orange brains
  4 necromancers
  4 mana vipers
  22 harpies
  4 phantasmal warriors
  3 deep elf pyromancers
  4 orc knights
  30 ugly things
  2 orc sorcerers
  5 shining eyes
  15 fauns
  4 wizards
  14 cyclopes
  20 manticores
  A frost giant zombie (Depths:2)
  A sphinx skeleton (Depths:2)
  A salamander (shapeshifter) (D:13)
  An elephant (shapeshifter) (Depths:2)
  20 salamanders
  10 guardian serpents
  A fire giant skeleton (Depths:2)
  3 elephants (Lair:2)
  5 merfolk sirens
  Joseph (D:10)
  2 gargoyles
  26 black mambas
  17 naga magi
  4 water nymphs
  2 smoke demons (Depths:1)
  A torpor snail (Lair:5)
  8 cane toads
  An orange demon (Lair:3)
  4 eyes of devastation
  A kobold demonologist (D:12)
  3 unseen horrors
  9 komodo dragons
  4 rime drakes
  4 tengu conjurers
  4 freezing wraiths
  9 yaktaurs
  15 trolls
  10 meliai
  3 polar bears (Lair:3)
  4 wind drakes
  22 merfolk
  2 hornets
  A wind drake (shapeshifter) (D:14)
  15 dream sheep
  A tyrant leech (shapeshifter) (Depths:3)
  4 blink frogs (Lair:2)
  Prince Ribbit (D:9)
  6 snapping turtles
  A centaur simulacrum (D:14)
  Sigmund (D:3)
  63 slime creatures
  An ettin skeleton (Depths:2)
  2 shadows
  8 wyverns
  2 vampires
  9 wraiths
  9 water elementals
  5 fire elementals (D:15)
  35 yaks
  6 golden eyes
  3 hogs
  7 basilisks
  A human (shapeshifter) (D:14)
  15 vampire mosquitoes
  42 nagas
  2 acid dragons
  23 water moccasins
  2 wargs (Orc:2)
  A floating eye (Depths:2)
  3 hell hounds (D:15)
  22 orc warriors
  3 sky beasts
  3 ice beasts
  A black bear (D:7)
  20 ogres
  17 centaurs
  3 wolves (Lair:2)
  8 kobold brigands
  A gnoll sergeant (D:9)
  14 bullfrogs
  2 scorpions
  4 wights (D:4)
  8 killer bees
  4 electric eels
  4 howler monkeys
  3 lava snakes (Lair:4)
  2 quasits (D:5)
  3 hounds
  A jelly (D:7)
  A gnoll bouda (D:7)
  9 orc priests
  Natasha (thrice) (D:3)
  3 iguanas
  19 orc wizards
  A boggart simulacrum (D:14)
  9 gnolls
  8 adders
  4 shadow imps
  4 white imps (D:5)
  6 ufetubi
  3 worms (D:3)
  2 dart slugs (D:4)
  67 orcs
  3 bats
  9 endoplasms
  4 giant cockroaches
  8 goblins
  5 hobgoblins
  13 kobolds
  2 quokkas (D:3)
  3 ball pythons
  6 frilled lizards
  3 rats
  A tentacle (Shoals:1)
1371 creatures vanquished.

Vanquished Creatures (collateral kills)
  2 acid blobs (Slime:5)
  An azure jelly (Slime:5)
  A boulder beetle (D:14)
  A centaur warrior (D:14)
  A two-headed ogre (Orc:2)
  An iron troll (Depths:3)
  2 deep trolls (Depths:3)
  A cyclops (Orc:2)
  3 ogres (Orc:2)
13 creatures vanquished.

Vanquished Creatures (others)
  A lich (Depths:3)
  A nagaraja (Snake:4)
  A dream sheep (Lair:3)
  A human (Lair:3)
  An orc wizard (D:14)
  A demonic plant (D:5)
  18 fungi
  163 plants
  34 spectral weapons
  3 tentacles (Shoals:1)
224 creatures vanquished.

Grand Total: 1608 creatures vanquished

Notes
Turn   | Place    | Note
-------+----------+-------------------------------------------
     0 | D:1      | Mode7 the Minotaur Berserker began the quest for the Orb.
     0 | D:1      | Reached XP level 1. HP: 19/19 MP: 0/0
   354 | D:1      | Reached XP level 2. HP: 26/26 MP: 1/1
   799 | D:2      | Found a faded altar of an unknown god.
   813 | D:2      | Reached skill level 5 in Axes
   946 | D:2      | Reached XP level 3. HP: 31/31 MP: 2/2
  1185 | D:2      | Reached ** piety under Trog
  1193 | D:2      | Reached XP level 4. HP: 19/39 MP: 3/3
  1649 | D:3      | Noticed Sigmund
  1654 | D:3      | Killed Sigmund
  1655 | D:3      | Reached XP level 5. HP: 45/45 MP: 4/4
  1655 | D:3      | Reached XP level 6. HP: 51/51 MP: 5/5
  1762 | D:3      | Noticed Natasha
  1766 | D:3      | Killed Natasha
  2103 | D:3      | Noticed Natasha
  2105 | D:3      | Found an opulent altar of Gozag.
  2107 | D:3      | Killed Natasha
  2376 | D:3      | Noticed Natasha
  2385 | D:3      | Killed Natasha
  2754 | D:4      | Found an ornate altar of the Wu Jian Council.
  2915 | D:4      | Found a radiant altar of Vehumet.
  3000 | D:4      | Reached XP level 7. HP: 53/57 MP: 6/6
  3408 | D:4      | Reached skill level 10 in Axes
  3688 | D:4      | Found a shimmering blue altar of Sif Muna.
  3896 | D:5      | Entered Level 5 of the Dungeon
  4108 | D:5      | Found a broken altar of Ashenzari.
  4257 | D:5      | Reached XP level 8. HP: 64/64 MP: 7/7
  4543 | D:5      | Found a staircase to the Ecumenical Temple.
  4707 | D:5      | Found a hide-covered altar of Uskayaw.
  4935 | Temple   | Entered the Ecumenical Temple
  5722 | D:6      | Found Xatucwem's Assorted Antiques.
  5727 | D:6      | Bought a scroll of identify for 70 gold pieces
  5919 | D:6      | Found Imoitt's Assorted Antiques.
  5924 | D:6      | Bought a scroll of identify for 56 gold pieces
  5924 | D:6      | Bought a scroll of identify for 56 gold pieces
  5985 | D:6      | Found Vyanola's General Store.
  6003 | D:6      | Bought a scroll of identify for 22 gold pieces
  6071 | D:6      | Found a sacrificial altar of Ru.
  6081 | D:6      | Found a basalt altar of Yredelemnul.
  6493 | D:7      | Reached XP level 9. HP: 68/71 MP: 8/8
  6509 | D:7      | Reached skill level 4 in Fighting
  6548 | D:7      | Found a flagged portal.
  6589 | Bailey   | Entered a bailey
  6623 | Bailey   | Reached *** piety under Trog
  6940 | Bailey   | Reached skill level 5 in Fighting
  6963 | Bailey   | Reached skill level 5 in Armour
  7125 | Bailey   | Found a burning altar of Makhleb.
  7250 | D:7      | Reached skill level 6 in Fighting
  7343 | D:7      | Found a runed translucent door.
  7345 | D:7      | Found a runed translucent door.
  7660 | D:7      | Reached skill level 5 in Dodging
  8266 | D:8      | Reached skill level 7 in Fighting
  8266 | D:8      | Reached XP level 10. HP: 77/86 MP: 9/9
  8410 | D:8      | Found Lurolin's Assorted Antiques.
  8416 | D:8      | Bought a scroll of identify for 40 gold pieces
  8416 | D:8      | Bought a scroll of identify for 40 gold pieces
  8524 | D:8      | Identified the +2 robe "Ojeicug" {rElec rF+ Str+2}
  8670 | D:8      | Identified a scroll of acquirement
  8670 | D:8      | Acquired a +1 buckler of fire resistance
  8743 | D:9      | Noticed a two-headed ogre
  8754 | D:9      | Killed a two-headed ogre
  8817 | D:9      | Reached skill level 8 in Fighting
  8845 | D:9      | Noticed Prince Ribbit
  8866 | D:9      | Killed Prince Ribbit
  8989 | D:9      | Noticed a two-headed ogre
  9004 | D:9      | Killed a two-headed ogre
  9005 | D:9      | Reached skill level 15 in Axes
  9303 | D:9      | Reached skill level 9 in Fighting
  9459 | D:9      | Reached skill level 5 in Shields
  9531 | D:9      | Noticed a red ugly thing
  9531 | D:9      | Noticed a red ugly thing
  9532 | D:9      | Noticed a centaur warrior
  9540 | D:9      | Killed a centaur warrior
  9547 | D:9      | Killed a red ugly thing
  9548 | D:9      | Reached XP level 11. HP: 97/97 MP: 10/10
  9553 | D:9      | Killed a red ugly thing
  9600 | D:9      | Noticed a skeletal warrior
  9614 | D:9      | Killed a skeletal warrior
  9619 | D:9      | Reached skill level 10 in Fighting
  9831 | D:9      | Noticed a boulder beetle
  9857 | D:9      | Killed a boulder beetle
 10293 | D:10     | Entered Level 10 of the Dungeon
 10293 | D:10     | Noticed Erolcha
 10299 | D:10     | Killed Erolcha
 10299 | D:10     | Noticed Snorg
 10312 | D:10     | Killed Snorg
 10442 | D:10     | Reached skill level 11 in Fighting
 10507 | D:10     | Reached **** piety under Trog
 10740 | D:10     | Noticed Joseph
 10751 | D:10     | Killed Joseph
 11012 | D:10     | Found Esirat's Vocational Training.
 11039 | D:10     | Noticed Fannar
 11051 | D:10     | Killed Fannar
 11298 | D:10     | Found Digoon's Jewellery Emporium.
 11303 | D:10     | Bought a +6 ring of strength for 540 gold pieces
 11418 | D:11     | Reached XP level 12. HP: 105/112 MP: 11/11
 11521 | D:11     | Found a staircase to the Orcish Mines.
 11865 | D:11     | Found a staircase to the Lair.
 12100 | D:11     | Noticed a tengu warrior
 12110 | D:11     | Killed a tengu warrior
 12508 | Lair:1   | Entered Level 1 of the Lair of Beasts
 12508 | Lair:1   | Noticed a boulder beetle
 12523 | Lair:1   | Killed a boulder beetle
 12944 | Lair:1   | Reached skill level 10 in Shields
 13319 | Lair:1   | Found a runed translucent door.
 13324 | Lair:1   | Noticed Endbringerleviathan's ghost (journeyman NaFE)
 13955 | Lair:2   | Reached skill level 10 in Armour
 14003 | Lair:2   | Found a staircase to the Snake Pit.
 14013 | Lair:2   | Reached skill level 12 in Fighting
 14042 | Lair:2   | Reached XP level 13. HP: 118/118 MP: 12/12
 14938 | Lair:3   | Reached ***** piety under Trog
 15058 | Lair:3   | Noticed Nergalle
 15072 | Lair:3   | Killed Nergalle
 15073 | Lair:3   | Reached skill level 13 in Fighting
 15163 | Lair:3   | Noticed Kirke
 15382 | Lair:3   | Killed Kirke
 15432 | Lair:3   | Acquired the ring "Doeluiq" {+Blink rPois Int-2 Dex+6 SInv}
 15457 | Lair:3   | Noticed Urug
 15470 | Lair:3   | Killed Urug
 15715 | Lair:3   | Reached skill level 14 in Fighting
 15716 | Lair:3   | Noticed Amaemon
 15730 | Lair:3   | Killed Amaemon
 16534 | Lair:4   | Reached skill level 10 in Dodging
 16978 | Lair:5   | Entered Level 5 of the Lair of Beasts
 17382 | Lair:5   | Found a staircase to the Slime Pits.
 17485 | Lair:5   | Noticed Nessos
 17488 | Lair:5   | Reached skill level 15 in Fighting
 17497 | Lair:5   | Killed Nessos
 17498 | Lair:5   | Reached XP level 14. HP: 135/135 MP: 13/13
 17833 | Lair:5   | Reached skill level 16 in Fighting
 18927 | Orc:1    | Entered Level 1 of the Orcish Mines
 19218 | Orc:2    | Entered Level 2 of the Orcish Mines
 19717 | Orc:2    | Received a gift from Trog
 19843 | Orc:2    | Found Cuop Leokk's Magic Scroll Emporium.
 19855 | Orc:2    | Found Kytasir's Magic Scroll Boutique.
 19866 | Orc:2    | Found Toigeadic's Antique Armour Shop.
 19867 | Orc:2    | Found Ligg's Magic Scroll Emporium.
 19874 | Orc:2    | Found Huappear's Antique Armour Shop.
 19927 | Orc:2    | Found a staircase to the Elven Halls.
 20022 | Orc:2    | Bought a scroll of enchant armour for 120 gold pieces
 20022 | Orc:2    | Bought a scroll of brand weapon for 152 gold pieces
 21620 | D:12     | Reached XP level 15. HP: 145/145 MP: 14/14
 21655 | D:12     | Reached skill level 1 in Throwing
 22396 | D:13     | Found a portal to a secret trove of treasure.
 22815 | D:14     | Reached skill level 17 in Fighting
 22937 | D:14     | Noticed Josephine
 22945 | D:14     | Killed Josephine
 23003 | D:14     | Reached skill level 5 in Throwing
 23356 | D:14     | Found a runed translucent door.
 23446 | D:14     | Identified the amulet "Exoff" {Faith rPois Stlth+}
 23446 | D:14     | Identified the +9 falchion "Zezah" {flame, Dex+5}
 23446 | D:14     | Identified the ring of the Establishment {rCorr Str+4
                  | Dex+4}
 23469 | D:14     | Received a gift from Trog
 23494 | D:14     | Identified the ring of Vyuch {Str+3 Int+6 Dex+3}
 24062 | D:14     | Found a gate to the Vaults.
 24767 | D:15     | Entered Level 15 of the Dungeon
 24829 | D:15     | Reached XP level 16. HP: 88/157 MP: 15/15
 24848 | D:15     | Noticed Azrael
 24862 | D:15     | Killed Azrael
 24910 | D:15     | Found a shimmering blue altar of Sif Muna.
 25547 | D:15     | Found a staircase to the Depths.
 25586 | D:15     | Found the +5 Storm Queen's Shield {shock, Fly rElec}
 25912 | D:15     | Reached skill level 18 in Fighting
 26219 | D:15     | Found a transporter.
 26234 | D:15     | Received a gift from Trog
 26248 | D:15     | Noticed Yakesh's ghost (journeyman MiFi)
 26250 | D:15     | Noticed a storm dragon
 26284 | D:15     | Found a transporter.
 26353 | D:15     | Acquired a manual of Fighting
 26355 | D:15     | Acquired a +1 heavy war axe
 26953 | Lair:1   | Killed Endbringerleviathan's ghost
 27077 | Snake:1  | Entered Level 1 of the Snake Pit
 27248 | Snake:1  | Noticed Aizul
 27266 | Snake:1  | Killed Aizul
 28326 | Snake:2  | Reached skill level 19 in Fighting
 28326 | Snake:2  | Received a gift from Trog
 29500 | Snake:3  | Found a frozen archway.
 29992 | Snake:3  | Found Efim's Jewellery Emporium.
 29992 | Snake:3  | Found Xeoquev's Distillery.
 29993 | Snake:3  | Found Luvaas's Weapon Shoppe.
 29997 | Snake:3  | Found Doetaal's General Store.
 30009 | Snake:3  | Bought a potion of haste for 160 gold pieces
 30018 | Snake:3  | Bought the amulet "Ontaugh" {Reflect Rampage rCorr SH+5}
                  | for 639 gold pieces
 30035 | Snake:3  | Found Tareumar's Weapon Boutique.
 30360 | Snake:3  | Reached XP level 17. HP: 163/170 MP: 16/16
 30365 | Snake:3  | Reached skill level 20 in Fighting
 31130 | Snake:4  | Entered Level 4 of the Snake Pit
 31133 | Snake:4  | Received a gift from Trog
 31139 | Snake:4  | Reached skill level 15 in Armour
 32002 | Snake:4  | Received a gift from Trog
 32028 | Snake:4  | Reached skill level 21 in Fighting
 32620 | Snake:4  | Noticed Vashnia
 32630 | Snake:4  | Killed Vashnia
 32870 | Snake:4  | Identified the staff of cold "Hechitonn" {rElec rC+ Dex+4}
 32877 | Snake:4  | Got a serpentine rune of Zot
 33322 | Shoals:1 | Entered Level 1 of the Shoals
 33514 | Shoals:1 | Received a gift from Trog
 33710 | Shoals:1 | Reached XP level 18. HP: 159/184 MP: 17/17
 33774 | Shoals:1 | Identified the +2 plate armour of Nemelex Xobeh, Loving
                  | {Str+3}
 33851 | Shoals:1 | Reached skill level 22 in Fighting
 34441 | Shoals:2 | Noticed Polyphemus
 34449 | Shoals:2 | Killed Polyphemus
 34520 | Shoals:2 | Received a gift from Trog
 34950 | Shoals:2 | Found a runed translucent gate.
 34950 | Shoals:2 | Found a runed translucent gate.
 34950 | Shoals:2 | Found a runed translucent gate.
 34951 | Shoals:2 | Noticed LeafLetters's ghost (adept VSIE)
 35252 | Shoals:3 | Reached skill level 15 in Shields
 35346 | Shoals:3 | Found Hatemil's Armour Shop.
 35435 | Shoals:3 | Identified the +0 spear of Beodo {distort, rCorr}
 35919 | Shoals:4 | Entered Level 4 of the Shoals
 36209 | Shoals:4 | Reached skill level 23 in Fighting
 36221 | Shoals:4 | Reached ****** piety under Trog
 36226 | Shoals:4 | Received a gift from Trog
 36929 | Shoals:4 | Got a barnacled rune of Zot
 37700 | Depths:1 | Entered Level 1 of the Depths
 37700 | Depths:1 | Found Esai's General Store.
 37702 | Depths:1 | Found Cafomymm's Jewellery Boutique.
 37917 | Depths:1 | Bought a potion of curing for 66 gold pieces
 37917 | Depths:1 | Bought a scroll of blinking for 165 gold pieces
 38078 | Depths:1 | Found Moluaqy's Book Boutique.
 38114 | Depths:1 | Reached XP level 19. HP: 195/195 MP: 18/18
 38347 | Depths:1 | Found a gateway to Hell.
 38817 | Depths:1 | Found a runed translucent door.
 38820 | Depths:1 | Received a gift from Trog
 38887 | Depths:1 | Acquired 244 gold pieces
 38993 | Depths:1 | Found the +8 demon blade "Leech" {evervamp, Harm Drain rN+}
 39114 | Depths:2 | Noticed Asterion
 39119 | Depths:2 | Killed Asterion
 39191 | Depths:2 | Noticed a dread lich
 39213 | Depths:2 | Killed a dread lich
 39221 | Depths:2 | Found a one-way gate leading to the halls of Pandemonium.
 39580 | Depths:2 | Reached skill level 24 in Fighting
 40100 | Depths:2 | Found a runed translucent door.
 40101 | Depths:2 | Noticed a golden dragon
 40165 | Depths:2 | Found Ovuiseos's Magic Scroll Shoppe.
 40168 | Depths:2 | Bought a scroll of teleportation for 60 gold pieces
 40168 | Depths:2 | Bought a scroll of teleportation for 60 gold pieces
 40307 | Depths:2 | Found Falose's Antique Weapon Emporium.
 40310 | Depths:2 | Found Apnonib's Assorted Antiques.
 40312 | Depths:2 | Found Vuij's Distillery.
 40325 | Depths:2 | Bought a potion of resistance for 160 gold pieces
 40331 | Depths:2 | Bought a potion of haste for 330 gold pieces
 40644 | Depths:2 | Noticed Mara
 40649 | Depths:2 | Noticed Mode7's illusion
 40670 | Depths:2 | Killed Mara
 41147 | Depths:3 | Noticed Jory
 41263 | Depths:3 | Killed Jory
 41912 | Depths:3 | Noticed a juggernaut
 41933 | Depths:3 | Killed a juggernaut
 41965 | Depths:3 | Noticed a golden dragon
 41966 | Depths:3 | Noticed a golden dragon
 41978 | Depths:3 | Killed a golden dragon
 41979 | Depths:3 | Reached XP level 20. HP: 149/209 MP: 19/19
 41989 | Depths:3 | Killed a golden dragon
 42040 | Depths:3 | Received a gift from Trog
 42265 | Depths:3 | Identified the +0 plate armour of Conscience {rPois rN+++
                  | Str+3 Dex-5}
 42335 | Depths:3 | Noticed a juggernaut
 42361 | Depths:3 | Killed a juggernaut
 42439 | Depths:3 | Identified the staff of earth "Viunn" {rPois rC+++ MP+9
                  | Stlth-}
 42637 | Depths:3 | Reached skill level 25 in Fighting
 42716 | Depths:3 | Found a one-way gate to the infinite horrors of the Abyss.
 42963 | Depths:3 | Found a one-way gateway to a ziggurat.
 43267 | Depths:3 | Noticed a golden dragon
 43275 | Depths:3 | Killed a golden dragon
 43336 | Depths:3 | Received a gift from Trog
 43387 | Depths:3 | Identified the +10 shortbow of Conformity {heavy, rElec rN+
                  | Dex+2 Stlth+}
 43557 | Depths:3 | Identified the ring "Dukiv" {Fly Int-2 Dex+6 Stlth+}
 43898 | Depths:3 | Identified the +1 dagger of Division {speed, Int+5 Dex+2
                  | Stlth+}
 44462 | Depths:4 | Entered Level 4 of the Depths
 44529 | Depths:4 | Found a stormy altar of Qazlal.
 44894 | Depths:4 | Paralysed by a vampire knight for 3 turns
 45063 | Depths:4 | Received a gift from Trog
 45071 | Depths:4 | Reached XP level 21. HP: 194/220 MP: 20/20
 45665 | Depths:4 | Reached skill level 26 in Fighting
 46075 | Depths:4 | Noticed a golden dragon
 46082 | Depths:4 | Found a gate to the Realm of Zot.
 46105 | Depths:4 | Killed a golden dragon
 46498 | Depths:4 | Found Esyjitamuu's Magic Scroll Shop.
 46502 | Depths:4 | Bought a scroll of silence for 171 gold pieces
 46502 | Depths:4 | Bought a scroll of teleportation for 54 gold pieces
 46502 | Depths:4 | Bought a scroll of blinking for 135 gold pieces
 47095 | Slime:1  | Entered Level 1 of the Pits of Slime
 47769 | Slime:2  | Gained mutation: You are frail. (-10% HP) [a shining eye]
 47777 | Slime:2  | Received a gift from Trog
 49802 | Slime:4  | Lost intelligence.
 49802 | Slime:4  | Gained mutation: You are dopey. (Int -2) [a shining eye]
 49803 | Slime:4  | Gained mutation: You occasionally shout uncontrollably at
                  | your foes. [a shining eye]
 49805 | Slime:4  | Gained mutation: You have hidden genetic defects. [a
                  | shining eye]
 50828 | Slime:3  | Lost mutation: You are frail. (-10% HP) [potion of
                  | mutation]
 50828 | Slime:3  | Lost mutation: You occasionally shout uncontrollably at
                  | your foes. [potion of mutation]
 50828 | Slime:3  | Lost mutation: You are dopey. (Int -2) [potion of mutation]
 50828 | Slime:3  | Gained mutation: You passively map a small area around you.
                  | [potion of mutation]
 50828 | Slime:3  | Gained mutation: You have sharp fingernails. [potion of
                  | mutation]
 51417 | Slime:5  | Entered Level 5 of the Pits of Slime
 51462 | Slime:5  | Received a gift from Trog
 51785 | Slime:5  | Found a viscous altar of Jiyva.
 51786 | Slime:5  | Found the +4 consecrated labrys {holy, Valiant Fragile Fly
                  | SInv}
 51820 | Slime:5  | Lost intelligence.
 51820 | Slime:5  | Gained mutation: You are dopey. (Int -2) [hidden defects]
 51826 | Slime:5  | Noticed the Royal Jelly
 51853 | Slime:5  | Slain by a rockslime

Illustrated notes

Levels and vault maps discovered:
D:1:      spicycebolla_arrival_xxxplode, layout_basic, kennysheep_minor_cross,
          minmay_misc_feat_rows, minmay_unequal
D:2:      layout_loops_ring, ebering_ecumenical_altar_sacrificial,
          nicolae_grassy_gnolls
D:3:      layout_loops_ring, overflow_temple_1_default, grunt_ministairs_5,
          minmay_misc_feat_tower, uniq_natasha, uniq_sigmund
D:4:      layout_loops_ring, pdpol_wu_jian_five_deadly_venoms,
          mainiacjoe_overflow_alcove_4,
          mainiacjoe_overflow_concentric_impassable, serial_glass,
          glass_columns_a, glass_columns_a, glass_columns_b, glass_columns_a,
          glass_columns_b, glass_columns_a, glass_columns_c, glass_columns_b,
          glass_columns_a, glass_columns_a, grunt_ministairs_7
D:5:      layout_loops_ring, kennysheep_mini_moat, nicolae_uskayaw_dance_hall,
          temple_hall, serial_demonic, serial_demonic_d, serial_demonic_d,
          serial_demonic_e, serial_demonic_e
D:6:      layout_basic, mainiacjoe_overflow_swirl, serial_shops, shop, shop,
          nicolae_shop_pleasant_corner_grove, kennysheep_nub
D:7:      lemuel_insect_pit, layout_basic, enter_bailey_3
D:8:      layout_gridville, serial_shops, nicolae_shop_back_alley_shop,
          minivault_21, kennysheep_generic_room_11
D:9:      hangedman_cross_veins, layout_gridville, uniq_prince_ribbit1
D:10:     layout_loops_ring, serial_shops, nicolae_shop_just_a_little_nook,
          nicolae_shop_vocational, uniq_joseph, uniq_snorg, uniq_erolcha,
          uniq_fannar
D:11:     layout_cave_pools, erik_lair_dragon, orc_0_dummy,
          chequers_serial_rivers_marsh
D:12:     layout_irregular_city
D:13:     layout_long_grid, serial_bayou, serial_bayou_pond_d,
          serial_bayou_pond_e, serial_bayou_shore_b, serial_bayou_lagoon_b,
          enter_trove_5
D:14:     minmay_the_grid_triangle_9x9_line_8_mashed
          [minmay_the_grid_triangle_9x9_flanged_cone,
          minmay_the_grid_triangle_9x9_stretched_checkered,
          minmay_the_grid_triangle_9x9_sparse_checkered,
          minmay_the_grid_triangle_9x9_sprig,
          minmay_the_grid_triangle_9x9_subtriangle,
          minmay_the_grid_triangle_9x9_impossible_snake,
          minmay_the_grid_triangle_9x9_windchime,
          minmay_the_grid_triangle_9x9_prize_center], layout_loops_ring,
          hangedman_vaults_entry_quadrant_bands, minivault_11, uniq_josephine
D:15:     grunt_enter_depths_hoard, layout_basic, chequers_serial_rivers_room_b,
          gammafunk_ghost_berserking_beasts, chequers_serial_rivers_small_3,
          tgw_sif, uniq_azrael
Temple:   eino_temple_water
Lair:1:   dreamdust_cave_troll, layout_chaotic_city,
          ebering_ghost_reflecting_pool, serial_bayou_pond_d, minivault_24,
          grunt_megastairs_4
Lair:2:   layout_chaotic_city, nicolae_shoals_entry_flooding,
          minmay_snake_entry_six_corridors, columned_hall_lemuel,
          beast_lair_carwin_4
Lair:3:   layout_gridlike, chequers_serial_rivers_micro_b, lemuel_fruit_tree,
          infiniplex_staircase_pool, uniq_kirke, uniq_urug, uniq_nergalle,
          uniq_amaemon
Lair:4:   layout_loops_ring, nicolae_lair_liquid_snakes
Lair:5:   evilmike_catoblepas_cave, layout_regular_city, slime_entry_1,
          serial_bayou_shore_a, grunt_megastairs_2, uniq_nessos
Shoals:1: layout_shoals
Shoals:2: layout_shoals, ebering_ghost_rock_garden,
          nicolae_shoals_square_sea_wall, uniq_polyphemus
Shoals:3: layout_shoals, serial_shops, shop
Shoals:4: shoals_end_hellmonk_lost_city
Snake:1:  layout_misc_corridors, nicolae_snake_snakes_in_the_grass, uniq_aizul
Snake:2:  layout_layer_cave
Snake:3:  nrook_guardian_serpent_snake_passage, layout_layer_cave, serial_shops,
          nicolae_take_the_stairs, portal_ice_cave_entry_pillars_four,
          grunt_ministairs_2, minmay_shoptagon
Snake:4:  grunt_snake_rune_serpentine_throne, layout_onion,
          nicolae_snake_gridmaze_waves
Slime:1:  layout_caves
Slime:2:  layout_caves
Slime:3:  nicolae_slime_infinislime, layout_caves,
          cheibrodos_slime_lost_civilization_6
Slime:4:  layout_caves
Slime:5
Orc:1:    layout_diamond_mine
Orc:2:    st_orc_open, layout_caves, serial_shops, nicolae_shop_tiny_glass
Depths:1: layout_cave_shapes, hellmouth_3, serial_shops, shop,
          nicolae_shop_tiny_glass, shop_coins, serial_sigils,
          serial_sigils_hangedman_scratch, serial_sigils_hangedman_writhe,
          serial_sigils_hangedman_quiver, serial_sigils_hangedman_confine,
          kennysheep_another_room, minmay_crystal_box
Depths:2: minmay_expanding_circles, layout_cave_shapes, hangedman_geh_valley,
          pan_entry, special_room [special_room_morgue],
          chequers_serial_rivers_micro_c, serial_shops, nicolae_shop_rolled_up,
          grunt_megastairs_5, firewood_loft, infiniplex_staircase_zigzag_5,
          minmay_shop_star, uniq_asterion, uniq_mara
Depths:3: minmay_spiral_squares, layout_honeycomb, enter_ziggurat_c,
          hangedman_abyss_entry_splay, minivault_14, hell_entry,
          hangedman_aviary, uniq_jory
Depths:4: evilmike_zot_entry_round, layout_gridville,
          nicolae_qazlal_eye_of_the_storm, hangedman_coc_ice_floe, serial_shops,
          nicolae_shop_rolled_up, uniq_josephina

Skill      XL: |  1  2  3  4  5  6  7  8  9 10 11 12 13 14 15 16 17 18 19 20 21 |
---------------+----------------------------------------------------------------+-----
Axes           | 4 5 8 9 11 14 15 17 19 21 22 23 | 23.0
Fighting       | 7 9 11 12 15 16 17 19 21 23 24 25 26 | 26.8
Armour         | 6 10 12 14 16 18 19 21 22 | 22.7
Dodging        | 5 8 10 | 10.4
Shields        | 5 8 10 12 14 16 18 19 21 | 21.3
Throwing       | 5 7 |  7.3

Action                     |  1- 3 |  4- 6 |  7- 9 | 10-12 | 13-15 | 16-18 | 19-21 || total
---------------------------+-------+-------+-------+-------+-------+-------+-------++-------
  Melee: Hand axe          |    60 |   108 |   262 |       |       |       |       ||   430
         Headbutt          |     7 |    15 |    46 |    78 |   250 |   249 |   410 ||  1055
         Punch             |       |     2 |     4 |       |       |       |       ||     6
         War axe           |       |       |    94 |   432 |   428 |   795 |   725 ||  2474
         Flail             |       |       |       |       |     4 |       |       ||     4
         Unarmed           |       |       |       |       |     3 |       |       ||     3
         Broad axe         |       |       |       |       |   275 |       |   419 ||   694
         Dire flail        |       |       |       |       |   214 |    78 |       ||   292
         Battleaxe         |       |       |       |       |    19 |    50 |       ||    69
  Throw: Javelin           |       |       |       |       |       |     8 |       ||     8
 Invoke: Berserk           |     2 |     4 |    11 |    16 |    17 |    14 |    12 ||    76
         Trog's Hand       |     1 |       |     2 |     1 |     1 |     1 |       ||     6
         Brothers in Arms  |       |       |       |       |     3 |     1 |     3 ||     7
  Evoke: Wand              |       |       |     2 |     1 |     2 |     6 |       ||    11
    Use: Scroll            |     4 |     3 |    13 |     7 |    10 |    11 |    10 ||    58
         Potion            |       |       |     5 |     1 |     1 |    10 |     7 ||    24
   Stab: Invisible         |       |       |       |       |     2 |     1 |       ||     3
         Petrifying        |       |       |       |       |     1 |       |       ||     1
         Distracted        |       |       |       |       |       |     1 |    19 ||    20
 Armour: Animal skin       |     3 |       |       |       |       |       |       ||     3
         Ring mail         |    14 |       |       |       |       |       |       ||    14
         Chain mail        |     4 |    34 |    91 |       |       |       |       ||   129
         Plate armour      |       |       |    24 |   124 |    55 |       |       ||   203
         Skin              |       |       |    22 |       |       |       |       ||    22
         Crystal plate arm |       |       |       |       |   250 |   345 |   362 ||   957
  Dodge: Dodged            |    33 |    41 |   101 |    87 |   258 |   324 |   215 ||  1059
  Block: Other             |       |       |    25 |       |    40 |    25 |       ||    90
         Reflection        |       |       |     3 |    16 |    15 |   188 |    20 ||   242
         Buckler           |       |       |    10 |   161 |   276 |       |       ||   447
         Kite shield       |       |       |       |       |       |  1015 |   825 ||  1840
